 Dungeon Crawl Stone Soup version 0.30-a0-528-g8c47a4955b (webtiles) character file.

Game seed: 11367523887994980039

596 kae the Changer (level 7, -1/48 HPs)
             Began as a Demonspawn Transmuter on Dec 23, 2022.
             Succumbed to a gnoll sergeant's poison
             ... on level 4 of the Dungeon.
             The game lasted 00:03:56 (3008 turns).

kae the Changer (Demonspawn Transmuter)             Turns: 3008, Time: 00:03:57

Health: -1/48      AC:  4    Str: 10    XL:     7   Next: 17%
Magic:  3/12       EV: 12    Int: 16    God:
Gold:   169        SH:  0    Dex: 14    Spells: 7/13 levels left

rFire   . . .      SeeInvis .      - Unarmed
rCold   . . .      Faith    .    (no shield)
rNeg    . . .      Spirit   +    a - +0 robe
rPois   .          Reflect  .    (no helmet)
rElec   .          Harm     .    (no cloak)
rCorr   .          Rampage  .    o - +1 pair of gloves {hurl}
Will    +....                    (no boots)
Stlth   +                        (no amulet)
HPRegen 0.28/turn                k - ring of willpower
MPRegen 0.26/turn                (no ring)

@: lethally poisoned (-1 -> -10), on berserk cooldown, slowed, very slow
A: magic shield, magic regeneration, demonic touch 2, mutation resistance 1
a: no special abilities


You were on level 4 of the Dungeon.
You visited 1 branch of the dungeon, and saw 4 of its levels.

You collected 169 gold pieces.


Innate Abilities, Weirdness & Mutations

When hurt, damage is shared between your health and your magic reserves.
You regenerate magic rapidly.
Your touch may inflict irresistible damage on your foes.
You are somewhat resistant to further mutation.


   Skills:
 - Level 1.0 Fighting
 - Level 1.7 Dodging
 + Level 4.0 Unarmed Combat
 + Level 3.5 Spellcasting
 * Level 4.5 Transmutations
 * Level 3.8 Poison Magic


You had 7 spell levels left.
You knew the following spells:

 Your Spells              Type           Power      Damage    Failure   Level
a - Beastly Appendage     Tmut           34%        N/A       2%          1
b - Wereblood             Tmut           17%        N/A       4%          2
c - Spider Form           Tmut/Pois      16%        N/A       10%         3

Your spell library contained the following spells:

 Spells                   Type           Power      Damage    Failure   Level
 Foxfire                  Conj/Fire      8%         2x1d4     19%         1
 Inner Flame              Hex/Fire       2%         N/A       47%         3
 Ice Form                 Ice/Tmut       10%        N/A       56%         4
 Flame Wave               Conj/Fire      2%         2d4       87%         4
 Sticky Flame             Conj/Fire      2%         2d3       87%         4
 Fireball                 Conj/Fire      1%         3d3       99%         5
 Starburst                Conj/Fire      1%         6d3       100%        6

Inventory:

Missiles
 d - 47 stones
 j - 9 boomerangs
 l - 2 poisoned darts
 n - 6 javelins
Armour
 a - a +0 robe (worn)
 o - a +1 pair of gloves of hurling (worn)
   (You found it on level 4 of the Dungeon)
Magical Staves
 c - a staff of death {!a}
   (You found it on level 3 of the Dungeon)
Jewellery
 k - a ring of willpower (left hand)
   (You found it on level 3 of the Dungeon)
Wands
 h - a wand of iceblast (6)
   (You found it on level 2 of the Dungeon)
Potions
 b - a potion of lignification {!q}
 e - a potion of berserk rage {!q}
 f - a potion of brilliance
 i - a potion of resistance

Dungeon Overview and Level Annotations

Branches:
Dungeon (4/15) Zot: 21032
 Temple: D:4-7

Altars:
Okawaru
Trog

Portals:
Sewer: D:4

~ ##+## ∩~~ ##8.8## ~~#
##.....## ###'.
##8.....8#######
.....######.........##....
#.......#8.........8#....
#...†..@..)........'....
#..hg.)#8[........8#....
#..hg..##.........##....
#...ggg)##8.....8###....
#.......)##.....## #....
#.........##8.8## #....
............##'## #....
...............# #####
.............##


You could see a gnoll sergeant, 4 gnolls and 2 jackals.


Message History

The gnoll completely misses you.
A jackal comes into view.
The jackal bites you but does no damage. 😨 MP[+1]
You hit the gnoll but do no damage. You barely miss the gnoll.
The jackal bites you.
* * * LOW HITPOINT WARNING * * *
The endoplasm freezes you.
You are frozen.
* * * LOW HITPOINT WARNING * * *
The gnoll sergeant hits you but does no damage.
You are poisoned.
The gnoll hits you from afar with a +0 halberd.
* * * LOW HITPOINT WARNING * * *
The gnoll hits you but does no damage. x2 😨 HP[-6] MP[-2]
You take 6 damage, and now have 39/108 hp.
You lost 2 mp, and now have 7/12 mp.
You smack the gnoll!
You feel sick. The jackal bites you.
* * * LOW HITPOINT WARNING * * *
The gnoll sergeant hits you but does no damage.
The gnoll hits you but does no damage.
The gnoll hits you from afar with a +0 halberd.
* * * LOW HITPOINT WARNING * * *
The gnoll hits you with a +0 flail!
* * * LOW HITPOINT WARNING * * *
The gnoll hits you but does no damage. The endoplasm hits you.
* * * LOW HITPOINT WARNING * * *
😱 HP[-16] MP[-2]
You take 16 damage, and now have 23/108 hp.
You lost 2 mp, and now have 5/12 mp.
You hit the gnoll.
You kill the gnoll!
You feel sick.
The jackal bites you but does no damage.
You smack the jackal!
You kill the jackal!
You feel sick.
The endoplasm hits you but does no damage.
The gnoll barely misses you.
The gnoll hits you but does no damage. x3
The gnoll sergeant hits you but does no damage. 😱 HP[-1]
You take 1 damage, and now have 22/108 hp.
You pummel the endoplasm!!
You kill the endoplasm!
The gnoll hits you but does no damage.
The gnoll sergeant hits you but does no damage.
You are more poisoned.
The gnoll hits you from afar with a +2 spear of pain.
* * * LOW HITPOINT WARNING * * *
The gnoll hits you but does no damage. x2 😱 HP[-3] MP[+1]
You take 3 damage, and now have 19/108 hp.
You are too berserk!
You feel sick. 😱 HP[-1]
You take 1 damage, and now have 18/108 hp.
You are too berserk!
You feel a strong urge to attack something.
You feel sick.
The gnoll sergeant hits you from afar with a +3 spear of venom.
* * * LOW HITPOINT WARNING * * *
The gnoll hits you but does no damage. x4 😱 HP[-2] MP[-1]
You take 2 damage, and now have 16/108 hp.
You lost 1 mp, and now have 5/12 mp.
You feel sick.
The gnoll hits you but does no damage. x2; You writhe in agony.
* * * LOW HITPOINT WARNING * * *
The gnoll hits you but does no damage.
The gnoll sergeant hits you but does no damage.
You are more poisoned.
The gnoll hits you from afar with a +0 halberd.
* * * LOW HITPOINT WARNING * * *
😱 HP[-4]
You take 4 damage, and now have 12/108 hp.
You smack the ball python!
You kill the ball python!
You feel less wooden.
Your +1 pair of gloves of hurling unmelds from your body.
Your +0 robe unmelds from your body.
You feel that your aim is more steady.
* * * LOW HITPOINT WARNING * * *
You feel sick. 😱 HP[-5]
You now have 72 max hp (-36).
You are too berserk!
Unknown command.
You are too berserk!
You are no longer berserk.
You are exhausted.
You feel yourself slow down.
* * * LOW HITPOINT WARNING * * *
You feel sick. The gnoll misses you.
The gnoll hits you from afar with a +0 spear.
* * * LOW HITPOINT WARNING * * *
The gnoll closely misses you.
You see here a +0 flail. 😱 HP[-5] MP[-2]
You now have 48 max hp (-24).
You lost 2 mp, and now have 3/12 mp.
Okay, then.
You die...

Skill      XL: |  1  2  3  4  5  6  7 |
---------------+----------------------+-----
Transmutations | 2 3 4 |  4.5
Unarmed Combat | 3 4 |  4.0
Poison Magic   | 1 2 3 |  3.8
Spellcasting   | 3 |  3.5
Fighting       | |  1.0
Dodging        | |  1.7

Action                   |  1- 3 |  4- 6 |  7- 9 || total
-------------------------+-------+-------+-------++-------
Melee: Unarmed           |   126 |   162 |    11 ||   299
       Kick              |    23 |    11 |       ||    34
       Headbutt          |    10 |     6 |       ||    16
       Punch             |     3 |     1 |       ||     4
       Touch             |       |     7 |       ||     7
 Cast: Beastly Appendage |    25 |    11 |       ||    36
       Wereblood         |     2 |     2 |       ||     4
       Spider Form       |     1 |    13 |       ||    14
  Use: Potion            |     4 |     2 |     2 ||     8
       Scroll            |     1 |     8 |       ||     9
Armor: Robe              |    26 |     8 |       ||    34
       Skin              |     2 |    20 |    42 ||    64
Dodge: Dodged            |    85 |   137 |     7 ||   229

Levels and vault maps discovered:
D:1:      ebering_hopf_link, layout_basic
D:2:      layout_loops_ring, basic_altar, ebering_ecumenical_altar_abandoned,
          minmay_fractal_squares_5, uniq_natasha
D:3:      layout_basic, nicolae_overflow_hidden_temple, minivault_19,
          kennysheep_potato
D:4:      layout_basic, marbit_many_paths, portal_sewer_entry_c,
          dk_noncrumbling_4, minmay_circle_x

Notes
Turn   | Place    | Note
-------+----------+-------------------------------------------
     0 | D:1      | kae the Demonspawn Transmuter began the quest for the Orb.
     0 | D:1      | Reached XP level 1. HP: 15/15 MP: 3/3
     0 | D:1      | magus.rc [v1.11.3]
    34 | D:1      | Reached skill level 2 in Transmutations
    97 | D:1      | Gained mutation: You regenerate magic rapidly. [demonic
                  | ancestry]
    97 | D:1      | Reached XP level 2. HP: 17/21 MP: 3/5
   185 | D:1      | Learned a level 2 spell: Wereblood
   334 | D:1      | Reached skill level 3 in Unarmed Combat
   465 | D:1      | Reached XP level 3. HP: 20/26 MP: 6/6
   469 | D:1      | Learned a level 3 spell: Spider Form
  1069 | D:2      | Found a bloodstained altar of Trog.
  1125 | D:2      | Reached skill level 1 in Poison Magic
  1185 | D:2      | HP: 4/26 [quokka (5)]
  1187 | D:2      | Gained mutation: You possess an exceptional clarity of
                  | mind. [potion of mutation]
  1187 | D:2      | Lost mutation: You possess an exceptional clarity of mind.
                  | [potion of mutation]
  1187 | D:2      | Gained mutation: You are somewhat resistant to further
                  | mutation. [potion of mutation]
  1227 | D:2      | Reached skill level 3 in Transmutations
  1227 | D:2      | Reached XP level 4. HP: 32/32 MP: 2/7
  1291 | D:2      | You pick up a book of Flames and begin reading...
  1291 | D:2      | You add the spells Inner Flame, Sticky Flame and Flame Wave
                  | to your library.
  1312 | D:2      | Identified the +6 chain mail of the Stars {Dex+2}
  1317 | D:2      | You pick up a book of Fire and begin reading...
  1317 | D:2      | You add the spells Foxfire, Fireball and Starburst to your
                  | library.
  1403 | D:2      | Noticed Natasha
  1410 | D:2      | Killed Natasha
  1722 | D:2      | Found a faded altar of an unknown god.
  1944 | D:2      | Noticed Natasha
  1952 | D:2      | Killed Natasha
  1953 | D:2      | Reached skill level 2 in Poison Magic
  1953 | D:2      | Gained mutation: Your touch may inflict minor irresistible
                  | damage on your foes. [demonic ancestry]
  1953 | D:2      | Reached XP level 5. HP: 34/37 MP: 6/9
  2114 | D:3      | Identified a +0 crystal plate armour
  2468 | D:3      | Found an iron altar of Okawaru.
  2596 | D:3      | Reached skill level 3 in Spellcasting
  2881 | D:4      | Gained mutation: When hurt, damage is shared between your
                  | health and your magic reserves. [demonic ancestry]
  2881 | D:4      | Reached XP level 6. HP: 36/43 MP: 8/10
  2970 | D:4      | Found a glowing drain.
  2975 | D:4      | Noticed a wyvern
  2980 | D:4      | Reached skill level 4 in Transmutations
  2980 | D:4      | Reached skill level 3 in Poison Magic
  2990 | D:4      | Killed a wyvern
  2991 | D:4      | Gained mutation: Your touch may inflict irresistible damage
                  | on your foes. [demonic ancestry]
  2991 | D:4      | Reached XP level 7. HP: 48/48 MP: 8/12
  2996 | D:4      | Reached skill level 4 in Unarmed Combat
  2999 | D:4      | HP: 25/108 [gnoll/+0 flail[a gnoll sergeant] (6)]
  3004 | D:4      | HP: 17/108 [poisoned by a gnoll sergeant]
  3006 | D:4      | HP: 7/72 [poisoned by a gnoll sergeant]
  3007 | D:4      | HP: 3/48 [poisoned by a gnoll sergeant]
  3008 | D:4      | Succumbed to a gnoll sergeant's poison

Vanquished Creatures
  A wyvern (D:4)
  An ogre (D:4)
  A hound (D:4)
  A jelly (D:4)
  2 orc wizards (D:3)
  Natasha (twice) (D:2)
  2 gnolls (D:4)
  4 adders
  An ufetubus (D:4)
  3 worms (D:2)
  2 dart slugs
  7 orcs
  7 endoplasms
  3 giant cockroaches
  11 goblins
  9 hobgoblins
  19 jackals
  10 kobolds
  6 quokkas
  10 ball pythons
  4 bats
  6 frilled lizards
  4 rats
116 creatures vanquished.

Table legend:
 A = Non-vault XP
 B = Vault XP
 C = Vault XP percentage of total XP
 D = Non-vault monster count
 E = Vault monster count
 F = Vault count percentage of total count
                 A         B        C        D         E       F
            +---------+---------+-------+---------+---------+-------
      Total |     544 |     308 |  36.2 |      98 |      18 |  15.5
            +---------+---------+-------+---------+---------+-------
        D:1 |      68 |       0 |   0.0 |      37 |       0 |   0.0
        D:2 |      99 |      62 |  38.5 |      28 |       9 |  24.3
        D:3 |     140 |       5 |   3.4 |      26 |       2 |   7.1
        D:4 |     237 |     241 |  50.4 |       7 |       7 |  50.0
            +---------+---------+-------+---------+---------+-------

Illustrated notes

Table legend:
 A = Kills in this place as a percentage of kills in entire the game.
 B = Kills by you in this place as a percentage of kills by you in the entire game.
 C = Kills by friends in this place as a percentage of kills by friends in the entire game.
 D = Other kills in this place as a percentage of other kills in the entire game.
 E = Experience gained in this place as a percentage of experience gained in the entire game.
 F = Experience gained in this place divided by the number of levels of this place that you have seen.
                   A       B       C       D       E      F
               +-------+-------+-------+-------+-------+----------------------
         Total | 100.0 | 100.0 |   N/A |   N/A | 100.0 | 213.0
       Dungeon | 100.0 | 100.0 |   N/A |   N/A | 100.0 | 213.0
               +-------+-------+-------+-------+-------+----------------------

Table legend: (Time is in decaauts)
 A = Elapsed time spent in this place.
 B = Non-inter-level travel time spent in this place.
 C = Inter-level travel time spent in this place.
 D = Time resting spent in this place.
 E = Time spent auto-exploring this place.
 F = Levels seen in this place.
 G = Mean time per level.
                   A        B        C        D        E       F      G
               +--------+--------+--------+--------+--------+-----+--------+
         Total |   2967 |   2892 |     75 |     68 |   2119 |   4 |  741.8 |
       Dungeon |   2967 |   2892 |     75 |     68 |   2119 |   4 |  741.8 |
               +--------+--------+--------+--------+--------+-----+--------+

Top non-repeatable levels by time:
     D:2: 1045 daAuts
     D:1: 987 daAuts
     D:3: 802 daAuts
     D:4: 132 daAuts
